MAA
SALEM MISFITS @ ST. ALBERT PRODIGY
09/17/2019
 
TOP OF THE 1ST
Salem Misfits batting - Pitching for St. Albert Prodigy : RHP John Ashley
Pitching: RHP John Ashley
Batting: RHB Steve Duncan 0-0: Ball
1-0: Swinging Strike
1-1: SINGLE (Line Drive, 6D)
Batting: RHB António Martínez 0-0: Swinging Strike
0-1: Ball
1-1: Swinging Strike
1-2: Ball
2-2: Strikes out swinging
Batting: RHB Will Robinson 0-0: Ball
1-0: Called Strike
Steve Duncan steals 2nd base
1-1: Called Strike
1-2: Foul Ball, location: 2F
1-2: SINGLE (Line Drive, 34D)
Steve Duncan to third
Batting: RHB Domingo Navarro 0-0: Foul Ball, location: 2F
0-1: Ball
1-1: Grounds into double play, 5-4-3 (Groundball, 56)
Top of the 1st over - 0 run(s), 2 hit(s), 0 error(s), 1 left on base; Salem 0 - St. Albert 0
BOTTOM OF THE 1ST
St. Albert Prodigy batting - Pitching for Salem Misfits : RHP Josh Gardner
Pitching: RHP Josh Gardner
Batting: RHB Anthony Trujillo 0-0: Ball
1-0: Swinging Strike
1-1: Ground out 4-3 (Groundball, 4M)
Batting: LHB António Pineda 0-0: Ground out U3 (Groundball, 3S)
Batting: RHB Harrison Blackford 0-0: Ball
1-0: Ball
2-0: Called Strike
2-1: Foul Ball, location: 2F
2-2: Foul Ball, location: 2F
2-2: Foul Ball, location: 2F
2-2: Fly out, F3 (Popup, 3SF)
Bottom of the 1st over - 0 run(s), 0 hit(s), 0 error(s), 0 left on base; Salem 0 - St. Albert 0
TOP OF THE 2ND
Salem Misfits batting - Pitching for St. Albert Prodigy : RHP John Ashley
Batting: RHB Alfredo Martínez 0-0: Reached on error, E5 (Groundball, 5S)
Batting: SHB Joe Werner 0-0: Ball
1-0: SINGLE (Groundball, 34D)
Alfredo Martínez to third
Runner from 3rd tries for Home, SAFE, throw made home
Batting: RHB Raúl Reyna 0-0: Ball
1-0: Ball
2-0: Foul Ball, location: 2F
2-1: Foul Ball, location: 2F
2-2: Foul Ball, location: 2F
2-2: Fly out, F3 (Popup, 3DF)
Batting: SHB Emílio Gonzáles 0-0: Ball
1-0: Swinging Strike
1-1: Ball
2-1: Ball
3-1: Foul Ball, location: 2F
3-2: DOUBLE (Line Drive, 8LM)
Joe Werner to third
Runner from 3rd tries for Home, SAFE, no throw or cutoff
Batting: SHB Arturo Romero 0-0: Ball
1-0: Ball
2-0: Called Strike
2-1: SINGLE (Groundball, 56D)
Emílio Gonzáles to third
Runner from 3rd tries for Home, SAFE, no throw or cutoff
Batting: RHB Steve Duncan 0-0: 2-RUN HOME RUN (Flyball, 7D), Distance : 372 ft
Batting: RHB António Martínez 0-0: Ball
1-0: Ball
2-0: Ball
3-0: Called Strike
3-1: Called Strike
3-2: Base on Balls
Batting: RHB Will Robinson 0-0: Called Strike
0-1: Foul Ball, location: 2F
0-2: Ball
1-2: Foul Ball, location: 2F
1-2: Ball
António Martínez steals 2nd base
2-2: Ball
3-2: Ground out 6-3 (Groundball, 6M)
António Martínez to third
Batting: RHB Domingo Navarro 0-0: Ball
1-0: Swinging Strike
1-1: SINGLE (Groundball, 34D)
António Martínez scores
Pitching: RHP Cal Pierce
Batting: RHB Alfredo Martínez 0-0: Called Strike
0-1: Ball
1-1: Called Strike
1-2: Ground out 5-3 (Groundball, 5S)
Top of the 2nd over - 6 run(s), 5 hit(s), 1 error(s), 1 left on base; Salem 6 - St. Albert 0
BOTTOM OF THE 2ND
St. Albert Prodigy batting - Pitching for Salem Misfits : RHP Josh Gardner
Batting: SHB Monte Adams 0-0: Ball
1-0: Called Strike
1-1: Hit by Pitch
Batting: SHB Ryan Cook 0-0: Called Strike
0-1: Fly out, F8 (Line Drive, 8LS)
Batting: LHB Abel Kelly 0-0: Ball
1-0: Ball
2-0: Ball
3-0: Base on Balls
Monte Adams to second
Batting: RHB Larry Mason 0-0: Ball
1-0: Foul Ball, location: 2F
1-1: Called Strike
1-2: Foul Ball, location: 2F
1-2: Strikes out swinging
Batting: RHB Clarence Neal 0-0: Called Strike
0-1: Called Strike
0-2: Ball
1-2: Foul Ball, location: 2F
1-2: Fly out, F8 (Flyball, 8LM)
Bottom of the 2nd over - 0 run(s), 0 hit(s), 0 error(s), 2 left on base; Salem 6 - St. Albert 0
TOP OF THE 3RD
Salem Misfits batting - Pitching for St. Albert Prodigy : RHP Cal Pierce
Batting: SHB Joe Werner 0-0: Ball
1-0: Called Strike
1-1: Ball
2-1: Swinging Strike
2-2: Fly out, F4 (Popup, 3DF)
Batting: RHB Raúl Reyna 0-0: Ball
1-0: Called Strike
1-1: Ball
2-1: Ball
3-1: Foul Ball, location: 2F
3-2: Strikes out looking
Batting: SHB Emílio Gonzáles 0-0: Ball
1-0: Ball
2-0: Fly out, F9 (Flyball, 9D)
Top of the 3rd over - 0 run(s), 0 hit(s), 0 error(s), 0 left on base; Salem 6 - St. Albert 0
BOTTOM OF THE 3RD
St. Albert Prodigy batting - Pitching for Salem Misfits : RHP Josh Gardner
Batting: RHB Frank Walker 0-0: Called Strike
0-1: Foul Ball, location: 2F
0-2: Foul Ball, location: 2F
0-2: Fly out, F8 (Flyball, 78M)
Batting: RHB Anthony Trujillo 0-0: Swinging Strike
0-1: Swinging Strike
0-2: Foul Ball, location: 2F
0-2: Strikes out swinging
Batting: LHB António Pineda 0-0: Ball
1-0: Ground out 6-3 (Groundball, 6M)
Bottom of the 3rd over - 0 run(s), 0 hit(s), 0 error(s), 0 left on base; Salem 6 - St. Albert 0
TOP OF THE 4TH
Salem Misfits batting - Pitching for St. Albert Prodigy : RHP Cal Pierce
Batting: SHB Arturo Romero 0-0: Ground out 4-3 (Groundball, 34)
Batting: RHB Steve Duncan 0-0: Ball
1-0: Ball
2-0: Ball
3-0: Base on Balls
Batting: RHB António Martínez 0-0: Called Strike
0-1: Ball
1-1: Foul Ball, location: 2F
1-2: Ball
2-2: Foul Ball, location: 2F
2-2: Ball
3-2: Base on Balls
Steve Duncan to second
Batting: RHB Will Robinson 0-0: Called Strike
0-1: Swinging Strike
0-2: Foul Ball, location: 2F
0-2: SINGLE (Groundball, 56D) (infield hit)
Steve Duncan to third
António Martínez to second
Batting: RHB Domingo Navarro 0-0: Ball
1-0: Ball
2-0: Foul Ball, location: 2F
2-1: Called Strike
2-2: Ball
3-2: Grounds out, U3 (Groundball, 3L)
Steve Duncan scores
António Martínez to third
Batting: RHB Alfredo Martínez 0-0: Called Strike
0-1: Called Strike
0-2: SINGLE (Line Drive, 8RS)
António Martínez scores
Will Robinson to third
Runner from 3rd tries for Home, SAFE, no throw or cutoff
Batting: SHB Joe Werner 0-0: Called Strike
0-1: Foul Ball, location: 2F
0-2: Foul Ball, location: 2F
0-2: Ball
1-2: Ball
2-2: Ball
3-2: 2-RUN HOME RUN (Flyball, 89XD), Distance : 397 ft
Batting: RHB Raúl Reyna 0-0: Foul Ball, location: 2F
0-1: SINGLE (Groundball, 56)
Pitching: LHP Félix Aguilar
Batting: SHB Emílio Gonzáles 0-0: Ball
1-0: DOUBLE (Line Drive, 7LM)
Raúl Reyna to third
Runner from 3rd tries for Home, SAFE, no throw or cutoff
Batting: SHB Arturo Romero 0-0: Called Strike
0-1: Called Strike
0-2: Strikes out looking
Top of the 4th over - 6 run(s), 5 hit(s), 0 error(s), 1 left on base; Salem 12 - St. Albert 0
BOTTOM OF THE 4TH
St. Albert Prodigy batting - Pitching for Salem Misfits : RHP Josh Gardner
Batting: RHB Harrison Blackford 0-0: Ball
1-0: Ball
2-0: Ball
3-0: Called Strike
3-1: Foul Ball, location: 2F
3-2: SINGLE (Groundball, 56D)
Batting: SHB Monte Adams 0-0: Fly out, F8 (Flyball, 8RM)
Batting: SHB Ryan Cook 0-0: Foul Ball, location: 2F
0-1: Foul Ball, location: 2F
0-2: Strikes out swinging
Batting: LHB Abel Kelly 0-0: Fly out, F8 (Flyball, 8RM)
Bottom of the 4th over - 0 run(s), 1 hit(s), 0 error(s), 1 left on base; Salem 12 - St. Albert 0
TOP OF THE 5TH
Salem Misfits batting - Pitching for St. Albert Prodigy : LHP Félix Aguilar
Batting: RHB Steve Duncan 0-0: Called Strike
0-1: Ball
1-1: Called Strike
1-2: Ball
2-2: Reached on error, E5 (Groundball, 5L)
Batting: RHB António Martínez 0-0: Swinging Strike
0-1: Called Strike
0-2: Strikes out swinging
Batting: RHB Will Robinson 0-0: Ball
1-0: Ball
2-0: Called Strike
Steve Duncan steals 2nd base
2-1: Ball
3-1: Foul Ball, location: 2F
3-2: Reached on error, E6 (Groundball, 6)
Steve Duncan to third
Batting: RHB Domingo Navarro 0-0: Ball
1-0: Swinging Strike
1-1: Fielders Choice at 2nd, 1-6 (Groundball, 13)
Batting: RHB Alfredo Martínez 0-0: Called Strike
0-1: Foul Ball, location: 2F
0-2: Strikes out looking
Top of the 5th over - 0 run(s), 0 hit(s), 2 error(s), 2 left on base; Salem 12 - St. Albert 0
BOTTOM OF THE 5TH
St. Albert Prodigy batting - Pitching for Salem Misfits : RHP Josh Gardner
Batting: RHB Larry Mason 0-0: Ball
1-0: Ball
2-0: Called Strike
2-1: Fly out, F6 (Popup, 6D)
Batting: RHB Clarence Neal 0-0: Ball
1-0: Ball
2-0: Ball
3-0: Called Strike
3-1: Base on Balls
Batting: RHB Frank Walker 0-0: Ball
1-0: Fly out, F7 (Flyball, 78M)
Batting: RHB Anthony Trujillo 0-0: Swinging Strike
0-1: Ball
1-1: Ball
2-1: Ground out 1-3 (Groundball, 13)
Bottom of the 5th over - 0 run(s), 0 hit(s), 0 error(s), 1 left on base; Salem 12 - St. Albert 0
TOP OF THE 6TH
Salem Misfits batting - Pitching for St. Albert Prodigy : LHP Félix Aguilar
Batting: SHB Joe Werner 0-0: Ball
1-0: Ball
2-0: Called Strike
2-1: Swinging Strike
2-2: Ball
3-2: SINGLE (Line Drive, 34D)
Batting: RHB Raúl Reyna 0-0: Ball
1-0: Foul Ball, location: 2F
1-1: Fly out, F9 (Flyball, 9M)
Batting: SHB Emílio Gonzáles 0-0: Ball
1-0: Called Strike
1-1: Called Strike
1-2: Strikes out swinging
Batting: SHB Arturo Romero 0-0: Ball
1-0: Called Strike
1-1: Ball
Joe Werner steals 2nd base
2-1: SINGLE (Line Drive, 8RS)
Joe Werner to third
Runner from 3rd tries for Home, SAFE, no throw or cutoff
Batting: RHB Steve Duncan 0-0: Swinging Strike
0-1: Called Strike
0-2: Ball
1-2: Ball
2-2: Foul Ball, location: 2F
2-2: Foul Ball, location: 2F
2-2: SINGLE (Line Drive, 6D)
Arturo Romero to second
Batting: RHB António Martínez 0-0: Swinging Strike
0-1: Ball
1-1: Swinging Strike
1-2: SINGLE (Line Drive, 78M)
Arturo Romero to third
Steve Duncan to second
Batting: RHB Will Robinson 0-0: Called Strike
0-1: Foul Ball, location: 2F
0-2: Ball
1-2: Ball
2-2: Foul Ball, location: 2F
2-2: Strikes out looking
Top of the 6th over - 1 run(s), 4 hit(s), 0 error(s), 3 left on base; Salem 13 - St. Albert 0
BOTTOM OF THE 6TH
St. Albert Prodigy batting - Pitching for Salem Misfits : RHP Josh Gardner
Batting: LHB António Pineda 0-0: Ball
1-0: Ball
2-0: Called Strike
2-1: Called Strike
2-2: Ground out U3 (Groundball, 3L)
Batting: RHB Harrison Blackford 0-0: Fly out, F8 (Flyball, 8RM)
Batting: SHB Monte Adams 0-0: Swinging Strike
0-1: Ball
1-1: Swinging Strike
1-2: Strikes out swinging
Bottom of the 6th over - 0 run(s), 0 hit(s), 0 error(s), 0 left on base; Salem 13 - St. Albert 0
TOP OF THE 7TH
Salem Misfits batting - Pitching for St. Albert Prodigy : LHP Félix Aguilar
Pitching: RHP Eduardo Estrada
Batting: RHB Domingo Navarro 0-0: Ball
1-0: Called Strike
1-1: Ball
2-1: Called Strike
2-2: Ball
3-2: Strikes out looking
Batting: RHB Alfredo Martínez 0-0: Swinging Strike
0-1: Foul Ball, location: 2F
0-2: Strikes out swinging
Batting: SHB Joe Werner 0-0: Called Strike
0-1: Foul Ball, location: 2F
0-2: Ball
1-2: Strikes out swinging
Top of the 7th over - 0 run(s), 0 hit(s), 0 error(s), 0 left on base; Salem 13 - St. Albert 0
BOTTOM OF THE 7TH
St. Albert Prodigy batting - Pitching for Salem Misfits : RHP Josh Gardner
Now at C: John Townsend
Now at SS: Diego Chacón
Batting: SHB Ryan Cook 0-0: Ball
1-0: Foul Ball, location: 2F
1-1: Foul Ball, location: 2F
1-2: Ground out U3 (Groundball, 3S)
Batting: LHB Abel Kelly 0-0: Ball
1-0: SINGLE (Line Drive, 4M)
Batting: RHB Larry Mason 0-0: Foul Ball, location: 2F
0-1: Fly out, F8 (Line Drive, 8LM)
Batting: RHB Clarence Neal 0-0: Ball
1-0: Foul Ball, location: 2F
1-1: Fly out, F8 (Flyball, 8RS)
Bottom of the 7th over - 0 run(s), 1 hit(s), 0 error(s), 1 left on base; Salem 13 - St. Albert 0
TOP OF THE 8TH
Salem Misfits batting - Pitching for St. Albert Prodigy : RHP Eduardo Estrada
Batting: RHB Raúl Reyna 0-0: Swinging Strike
0-1: Ball
1-1: Ball
2-1: Fly out, F6 (Line Drive, 6)
Batting: SHB Emílio Gonzáles 0-0: Ball
1-0: Foul Ball, location: 2F
1-1: Ball
2-1: Ground out 3-1 (Groundball, 34)
Batting: SHB Arturo Romero 0-0: Swinging Strike
0-1: Ball
1-1: Foul Ball, location: 2F
1-2: Ball
2-2: Strikes out swinging
Top of the 8th over - 0 run(s), 0 hit(s), 0 error(s), 0 left on base; Salem 13 - St. Albert 0
BOTTOM OF THE 8TH
St. Albert Prodigy batting - Pitching for Salem Misfits : RHP Josh Gardner
Batting: RHB Frank Walker 0-0: Foul Ball, location: 2F
0-1: Foul Ball, location: 2F
0-2: Foul Ball, location: 2F
0-2: Strikes out looking
Batting: RHB Anthony Trujillo 0-0: Ball
1-0: Ball
2-0: Ball
3-0: Called Strike
3-1: Foul Ball, location: 2F
3-2: Fly out, F7 (Popup, 78S)
Batting: LHB António Pineda 0-0: Ball
1-0: Called Strike
1-1: Ball
2-1: Swinging Strike
2-2: Foul Ball, location: 2F
2-2: Strikes out looking
Bottom of the 8th over - 0 run(s), 0 hit(s), 0 error(s), 0 left on base; Salem 13 - St. Albert 0
TOP OF THE 9TH
Salem Misfits batting - Pitching for St. Albert Prodigy : RHP Eduardo Estrada
Pinch Hitting: RHB Arlen King 0-0: Ball
1-0: Called Strike
1-1: Called Strike
1-2: DOUBLE (Line Drive, 7LD)
Batting: RHB António Martínez 0-0: Ball
1-0: Foul Ball, location: 2F
1-1: Ball
2-1: Ball
3-1: Base on Balls
Batting: RHB Will Robinson 0-0: Grounds into double play, 6-4-3 (Groundball, 6)
Arlen King to third
Batting: RHB Domingo Navarro 0-0: Called Strike
0-1: Ball
1-1: Ball
2-1: SINGLE (Line Drive, 6D)
Arlen King scores
Batting: RHB John Townsend 0-0: Ball
1-0: Called Strike
1-1: Foul Ball, location: 2F
1-2: Fly out, F8 (Flyball, 8RS)
Top of the 9th over - 1 run(s), 2 hit(s), 0 error(s), 1 left on base; Salem 14 - St. Albert 0
BOTTOM OF THE 9TH
St. Albert Prodigy batting - Pitching for Salem Misfits : RHP Josh Gardner
Now in RF: Arlen King
Batting: RHB Harrison Blackford 0-0: Swinging Strike
0-1: Swinging Strike
0-2: Strikes out looking
Pitching: RHP Gabe Stephenson
Batting: SHB Monte Adams 0-0: Foul Ball, location: 2F
0-1: Ball
1-1: Ball
2-1: Ball
3-1: Base on Balls
Batting: SHB Ryan Cook 0-0: Ball
1-0: Ball
2-0: Ball
3-0: Base on Balls
Monte Adams to second
Batting: LHB Abel Kelly 0-0: Swinging Strike
0-1: Foul Ball, location: 2F
0-2: Strikes out swinging
Batting: RHB Larry Mason 0-0: Ball
1-0: Swinging Strike
1-1: Ball
2-1: Ball
3-1: Fly out, F7 (Flyball, 78M)
Bottom of the 9th over - 0 run(s), 0 hit(s), 0 error(s), 2 left on base; Salem 14 - St. Albert 0
This league is powered by Out of the Park Baseball, the baseball management simulation game for PC, Mac and Linux
Saturday, July 25th, 2015 - OOTP Baseball 15.6 Build 34